 Dungeon Crawl Stone Soup version 0.27-a0-1245-g940ed4fa31 (webtiles) character file.

Game seed: 16049086980199141540

11656 tilp the Summoner (level 11, -1/86 HPs)
             Began as a Barachi Summoner on June 9, 2021.
             Was a High Priest of Okawaru.
             Slain by Snorg (10 damage)
             ... on level 11 of the Dungeon.
             The game lasted 00:35:33 (20254 turns).

tilp the Summoner (Barachi Summoner)               Turns: 20254, Time: 00:35:33

Health: -1/86      AC: 13    Str: 14    XL:     11   Next: 81%
Magic:  21/29      EV: 12    Int: 21    God:    Okawaru [*****.]
Gold:   364        SH:  5    Dex: 12    Spells: 3/22 levels left

rFire    + . .     SeeInvis .   a - +10 flail of the Moon {venom, rPois}
rCold    + . .     Faith    +   e - +0 buckler
rNeg     . . .     Spirit   .   H - +0 ring mail {rF+}
rPois    +         Reflect  .   g - +1 helmet
rElec    .         Harm     .   c - +2 cloak {rPois}
rCorr    .         Rampage  .   o - +1 pair of gloves
Will     .....                  (no boots)
Stlth    ++........             N - amulet "Muroos" {Faith rC+}
HPRegen  0.24/turn              l - +6 ring of intelligence
MPRegen  0.21/turn              m - ring of magical power

@: unable to hop, very slightly contaminated, slow
A: amphibious, slowness 1, strong legs 1, +LOS, subdued magic 1
a: Hop, Renounce Religion, Heroism, Finesse


You were on level 11 of the Dungeon.
You worshipped Okawaru.
Okawaru was extremely pleased with you.
You visited 2 branches of the dungeon, and saw 12 of its levels.

You collected 797 gold pieces.
You spent 433 gold pieces at shops.

Inventory:

Hand Weapons
 a - the +10 flail of the Moon (weapon) {venom, rPois}
   (You found it on level 8 of the Dungeon)

   It poisons the flesh of those it strikes.
   It protects you from poison.
 b - a +2 morningstar of flaming
 r - a +0 eveningstar of protection
Missiles
 d - 89 poisoned darts (quivered)
 B - 7 atropa-tipped darts
 I - 4 throwing nets
Armour
 c - a +2 cloak of poison resistance (worn)
 e - a +0 buckler (worn)
 g - a +1 helmet (worn)
 o - a +1 pair of gloves (worn)
 x - a scarf of shadows
 z - the +9 chain mail of Dim Light {rN+ Dex-3 Slay+3}
   (You bought it in a shop on level 2 of the Dungeon)

   It affects your dexterity (-3).
   It affects your accuracy and damage with ranged weapons and melee attacks
   (+3).
   It protects you from negative energy.
 H - a +0 ring mail of fire resistance (worn)
Jewellery
 l - a +6 ring of intelligence (left hand)
 m - a ring of magical power (right hand)
 y - a ring of flight
 G - a +6 ring of strength
 N - the amulet "Muroos" (around neck) {Faith rC+}
   (You found it on level 9 of the Dungeon)

   [amulet of faith]

   It allows you to gain divine favour quickly.
   It protects you from cold.
Wands
 u - a wand of digging (7)
 D - a wand of polymorph (5)
 M - a wand of iceblast (5)
Scrolls
 f - a scroll of fog
 E - 2 scrolls of enchant weapon
 L - 2 scrolls of magic mapping
Potions
 h - 2 potions of mutation
 j - 2 potions of curing
 k - 3 potions of cancellation
 n - a potion of flight
 p - a potion of berserk rage {unknown}
 q - 3 potions of ambrosia
 v - 2 potions of lignification
 w - 2 potions of might {unknown}
 A - a potion of attraction {unknown}
 C - 2 potions of resistance


   Skills:
 - Level 8.0 Fighting
 - Level 8.0 Maces & Flails
 - Level 5.0 Armour
 - Level 6.0 Dodging
 - Level 4.0 Stealth
 - Level 4.0 Shields
 - Level 6.0 Spellcasting
 + Level 10.9 Summonings
 - Level 4.0 Ice Magic
 - Level 4.0 Air Magic
 - Level 6.0 Invocations


You had 3 spell levels left.
You knew the following spells:

 Your Spells              Type           Power      Damage    Failure   Level
a - Swiftness             Air            17%        N/A       9%          3
b - Call Imp              Summ           40%        N/A       1%          2
c - Call Canine Familiar  Summ           40%        N/A       1%          3
d - Summon Guardian Gole  Hex/Summ       22%        N/A       4%          3
e - Summon Ice Beast      Ice/Summ       28%        N/A       7%          4
f - Summon Lightning Spi  Summ/Air       28%        N/A       7%          4

Your spell library contained the following spells:

 Spells                   Type           Power      Damage    Failure   Level
 Summon Small Mammal      Summ           100%       N/A       1%          1
 Shock                    Conj/Air       44%        1d5       7%          1
 Poisonous Vapours        Pois/Air       22%        N/A       10%         2
 Static Discharge         Conj/Air       11%        N/A       10%         2
 Sting                    Tmut/Pois      16%        1d3       16%         1
 Mephitic Cloud           Conj/Pois/Air  9%         N/A       28%         3
 Ignite Poison            Fire/Tmut/Pois 4%         N/A       45%         3
 Airstrike                Air            8%         N/A       30%         4
 Olgreb's Toxic Radiance  Pois           4%         N/A       86%         4
 Lightning Bolt           Conj/Air       5%         1d17      90%         5


Dungeon Overview and Level Annotations

Branches:
Dungeon (11/15)            Temple (1/1) D:5            Lair (0/6) D:11
    Orc: D:9-12

Altars:
Ashenzari
Cheibriados
Dithmenos
Elyvilon
Fedhas
Gozag
Hepliaklqana
Kikubaaqudgha
Makhleb
Nemelex Xobeh
Okawaru
Qazlal
Ru
Sif Muna
Trog
Uskayaw
Vehumet
Wu Jian
Xom
Yredelemnul
Zin
The Shining One

Shops:
D:2 *   D:5 *!   D:8 ((?   D:9 ?(

Annotations:
D:11 Snorg


Innate Abilities, Weirdness & Mutations

You are amphibious.
You cover ground slowly.
You can hop short distances.
You have an extended range of vision and can be seen from far away.
Your spells are a little easier to cast, but a little less powerful.


Message History

* * * LOW HITPOINT WARNING * * *
You block the gnoll sergeant's attack.
You are confused.
You feel invigorated.
Your surroundings suddenly seem different.
Unknown command.
You bump into the rock wall.
You bump into the rock wall.
You feel less invigorated.
You feel less confused.
Snorg the Insatiable comes into view.
Snorg shouts!
You block Snorg's attack. Snorg claws you.
* * * LOW HITPOINT WARNING * * *
You block Snorg's attack.
Unknown command.
Okay, then.
Aiming: Polymorph
Press: ? - help, Shift-Dir - straight line, f - Snorg
Aim: Snorg (will become a jumping spider, an unseen horror, or a yaktaur, chance to affect: 15%) Snorg resists with almost no effort.
Unknown command.
Okay, then.
Okay, then.
Okay, then.
Casting: Summon Lightning Spire (dangerous; 7% risk of failure)
Confirm with . or Enter, or press ? or * to list all spells.
You miscast Summon Ice Beast.
You are very lightly contaminated with residual magic.
Nothing appears to happen.
Snorg goes berserk!
Unknown command.
Casting: Summon Ice Beast (dangerous; 7% risk of failure)
Confirm with . or Enter, or press ? or * to list all spells.
A chill wind blows around you. Snorg bites you.
* * * LOW HITPOINT WARNING * * *
Snorg claws you!
* * * LOW HITPOINT WARNING * * *
Snorg claws you but does no damage. Snorg barely misses you. Snorg claws you!
* * * LOW HITPOINT WARNING * * *
Snorg claws you!
You die...

#(.......#
.#........# ###
.....p....# #..
.#####W#### #.#
#.#### #.# #.W†.#
#.# ####p# #.# #†#
#T# .##≈≈#
#.######@#
.#≈≈≈≈###.#....Y.#
.;≈≈≈≈≈##g###....#
≈≈≈≈≈≈W#.†.......#
≈≈≈≈≈≈≈#..#.#.#.##
#≈≈≈≈≈≈..$#.#.#..
..≈≈≈≈......#.####
#≈;..........
###.W.)...##


You could see Snorg (berserk, ally target) and a friendly ice beast (summoned).

Vanquished Creatures
  2 centaur warriors (D:10)
  An ogre mage (D:10)
  A two-headed ogre (D:11)
  Joseph (D:7)
  A nameless horror (D:6)
  A troll (D:9)
  5 yaks
  A wraith (D:9)
  A shadow (D:9)
  A vampire mosquito (D:11)
  2 wargs (D:11)
  An acid dragon (D:9)
  2 water moccasins (D:5)
  A hornet zombie (D:6)
  2 orc warriors
  A black bear (D:6)
  2 ice beasts
  3 phantoms (D:6)
  2 centaurs
  A kobold brigand (D:8)
  3 bullfrogs
  A gnoll sergeant (D:9)
  A water moccasin zombie (D:3)
  11 killer bees
  2 howler monkeys (D:10)
  A bullfrog zombie (D:7)
  4 orc priests
  A jelly (D:5)
  A centaur skeleton (D:7)
  An iguana (D:5)
  2 orc wizards
  A killer bee zombie (D:8)
  A hound skeleton (D:4)
  A howler monkey zombie (D:8)
  10 gnolls
  2 howler monkey skeletons
  3 adders
  A shadow imp (D:4)
  A white imp (D:6)
  An ufetubus (D:5)
  An adder zombie (D:5)
  2 dart slugs
  17 orcs
  2 bats
  An endoplasm (D:1)
  3 giant cockroaches
  7 goblins
  3 hobgoblins
  3 jackals
  15 kobolds
  3 quokkas
  4 ball pythons
  3 frilled lizards
  20 rats
165 creatures vanquished.

Vanquished Creatures (collateral kills)
  A hydra (D:10)
  An ogre mage (D:10)
  2 two-headed ogres
  A skeletal warrior (D:10)
  4 ugly things (D:10)
  2 centaur zombies
  4 yaks
  2 wyverns
  A steam dragon (D:8)
  2 vampire mosquitoes (D:11)
  An acid dragon (D:10)
  A water moccasin (D:6)
  2 ice beasts
  A sky beast (D:6)
  An orc warrior (D:9)
  3 black bears
  2 ogres (D:5)
  A centaur (D:9)
  2 bullfrogs (D:8)
  A kobold brigand (D:8)
  2 scorpions
  2 wyvern skeletons (D:7)
  4 killer bees
  3 howler monkeys (D:9)
  A centaur skeleton (D:7)
  A gnoll shaman (D:9)
  A hound (D:4)
  An iguana (D:7)
  3 orc wizards
  Robin (D:3)
  11 gnolls
  7 adders
  A white imp (D:6)
  A worm (D:3)
  4 orcs
  3 ball pythons
  3 bats (D:1)
  A giant cockroach (D:1)
  6 goblins
  6 hobgoblins
  6 jackals
  2 quokkas (D:1)
  6 kobolds
  2 rats (D:1)
113 creatures vanquished.

Vanquished Creatures (others)
  Menkaure (D:7)
  A plant (D:11)
2 creatures vanquished.

Grand Total: 280 creatures vanquished

Notes
Turn   | Place    | Note
-------+----------+-------------------------------------------
     0 | D:1      | tilp the Barachi Summoner began the quest for the Orb.
     0 | D:1      | Reached XP level 1. HP: 13/13 MP: 3/3
   133 | D:1      | Reached skill level 1 in Fighting
   530 | D:1      | Reached XP level 2. HP: 13/22 MP: 1/5
   663 | D:1      | Learned a level 2 spell: Call Imp
  1377 | D:1      | Reached skill level 5 in Summonings
  2043 | D:2      | Reached XP level 3. HP: 22/27 MP: 4/7
  2047 | D:2      | Learned a level 3 spell: Call Canine Familiar
  2090 | D:2      | Found a shimmering altar of Xom.
  2608 | D:2      | Found Xiysal's Assorted Antiques.
  2617 | D:2      | Bought a scroll labelled WETOABB VISCHO for 21 gold pieces
  2997 | D:2      | Reached XP level 4. HP: 16/33 MP: 3/8
  3374 | D:2      | Identified a scroll of acquirement
  3374 | D:2      | Acquired a +2 cloak of poison resistance
  3448 | D:3      | Reached skill level 6 in Summonings
  3448 | D:3      | Reached XP level 5. HP: 15/38 MP: 2/10
  3719 | D:3      | Noticed Robin
  3752 | D:3      | Killed Robin
  4729 | D:2      | Bought 2 black potions for 37 gold pieces
  4871 | D:4      | Found a shadowy altar of Dithmenos.
  5001 | D:4      | Reached XP level 6. HP: 42/46 MP: 12/12
  6161 | D:4      | Learned a level 3 spell: Summon Guardian Golem
  6166 | D:4      | Learned a level 4 spell: Summon Ice Beast
  6197 | D:5      | Entered Level 5 of the Dungeon
  6220 | D:5      | Noticed an ice beast
  6853 | D:5      | Killed an ice beast
  6854 | D:5      | Reached XP level 7. HP: 54/54 MP: 11/13
  7013 | D:5      | Reached skill level 1 in Ice Magic
  7503 | D:5      | Found Piajeppy's Distillery.
  7506 | D:5      | Bought a potion of degeneration for 12 gold pieces
  7517 | D:5      | Found Cuehely's Serpentskin Sales.
  7541 | D:5      | Reached skill level 7 in Summonings
  7826 | D:5      | Found a staircase to the Ecumenical Temple.
  7841 | Temple   | Entered the Ecumenical Temple
  8186 | Temple   | Became a worshipper of Warmaster Okawaru
  8307 | D:2      | Bought an amethyst-encrusted chain mail for 199 gold pieces
  8307 | D:2      | Identified the +9 chain mail of Dim Light {rN+ Dex-3
                  | Slay+3} (You bought it in a shop on level 2 of the Dungeon)
  8427 | D:5      | Reached XP level 8. HP: 53/60 MP: 14/14
  9294 | D:6      | Reached skill level 5 in Spellcasting
  9294 | D:6      | Reached skill level 8 in Summonings
  9380 | D:6      | Reached * piety under Okawaru
  9386 | D:6      | Learned a level 4 spell: Summon Lightning Spire
  9445 | D:6      | Identified the +6 mace "Usuteum" {venom, Contam rPois rN+
                  | Stlth+}
  9467 | D:6      | Reached skill level 1 in Air Magic
  9656 | D:6      | Noticed a nameless horror
  9692 | D:6      | HP: 4/90 [nameless horror[miscasting Summon Ice Beast] (9)]
  9697 | D:6      | Killed a nameless horror
 10244 | D:7      | Noticed a wyvern
 10251 | D:7      | Killed a wyvern
 10252 | D:7      | Reached skill level 9 in Summonings
 10252 | D:7      | Reached XP level 9. HP: 30/65 MP: 9/18
 10389 | D:7      | Reached ** piety under Okawaru
 10560 | D:7      | You fall into a shaft and drop 1 floor!
 10791 | D:7      | Noticed Menkaure
 10808 | D:7      | Killed Menkaure
 11436 | D:7      | Noticed Joseph
 11457 | D:7      | Killed Joseph
 11458 | D:7      | Reached skill level 10 in Summonings
 11787 | D:7      | Learned a level 3 spell: Swiftness
 11913 | D:8      | Found Xufrae's Magic Scroll Emporium.
 11920 | D:8      | Bought a scroll of enchant weapon for 82 gold pieces
 11920 | D:8      | Bought a scroll of enchant armour for 82 gold pieces
 12548 | D:8      | Found Igemp's Weapon Emporium.
 12615 | D:8      | Reached skill level 1 in Shields
 12651 | D:8      | Found Jeetsier's Antique Weapon Shoppe.
 12676 | D:8      | Identified the +10 flail of the Moon {venom, rPois}
 12685 | D:8      | Gained mutation: Your spells are a little easier to cast,
                  | but a little less powerful. [mutagenic glow]
 12739 | D:8      | Reached *** piety under Okawaru
 13770 | D:9      | Noticed a two-headed ogre
 13775 | D:9      | Killed a two-headed ogre
 13776 | D:9      | Reached XP level 10. HP: 71/71 MP: 10/19
 14098 | D:9      | Reached **** piety under Okawaru
 14099 | D:9      | Reached skill level 1 in Armour
 14119 | D:9      | Found Yffinouf's Magic Scroll Emporium.
 14375 | D:9      | Found Voagh's Antique Weapon Shoppe.
 14396 | D:9      | Received a gift from Okawaru
 14631 | D:9      | Reached skill level 5 in Fighting
 14879 | D:9      | Identified the amulet "Muroos" {Faith rC+}
 15244 | D:10     | Entered Level 10 of the Dungeon
 15256 | D:10     | Reached skill level 5 in Maces & Flails
 15256 | D:10     | Reached skill level 5 in Dodging
 15259 | D:10     | HP: 3/74 [orc priest/divine providence (15)]
 15653 | D:10     | Noticed a two-headed ogre
 15663 | D:10     | Killed a two-headed ogre
 15663 | D:10     | Reached ***** piety under Okawaru
 15937 | D:10     | Reached skill level 5 in Invocations
 15940 | D:10     | Identified the +12 hunting sling "Maixt" {flame, rC- rCorr
                  | Int-4 Dex+8} (Okawaru gifted it to you on level 10 of the
                  | Dungeon)
 15940 | D:10     | Received a gift from Okawaru
 16359 | D:10     | Noticed a brown ugly thing
 16359 | D:10     | Noticed an ogre mage
 16378 | D:10     | Paralysed by something for 4 turns
 16385 | D:10     | Paralysed by something for 7 turns
 16391 | D:10     | Killed an ogre mage
 16392 | D:10     | Reached XP level 11. HP: 71/81 MP: 20/20
 16610 | D:10     | Noticed a green ugly thing
 16610 | D:10     | Noticed a purple ugly thing
 16610 | D:10     | Noticed a centaur warrior
 16610 | D:10     | Noticed a seven-headed hydra
 16613 | D:10     | Noticed a skeletal warrior
 16735 | D:10     | Noticed an eight-headed hydra
 17037 | D:10     | Noticed a white ugly thing
 17042 | D:10     | Killed a green ugly thing
 17054 | D:10     | Killed a green ugly thing
 17060 | D:10     | Killed a green ugly thing
 17062 | D:10     | Killed a green ugly thing
 17104 | D:10     | Noticed an ogre mage
 17122 | D:10     | Killed an ogre mage
 17122 | D:10     | Received a gift from Okawaru
 17679 | D:10     | Noticed a centaur warrior
 17887 | D:10     | Killed a skeletal warrior
 18262 | D:10     | Killed a centaur warrior
 18410 | D:10     | Noticed a centaur warrior
 19024 | D:10     | Killed a centaur warrior
 19210 | D:10     | Killed a seven-headed hydra
 19724 | D:11     | Noticed a two-headed ogre
 19742 | D:11     | Killed a two-headed ogre
 19879 | D:11     | Received a gift from Okawaru
 19905 | D:11     | Noticed a green ugly thing
 19905 | D:11     | Noticed a death knight
 19917 | D:11     | Noticed a phantasmal warrior
 20169 | D:11     | Reached skill level 5 in Armour
 20240 | D:11     | Found a staircase to the Lair.
 20250 | D:11     | Noticed Snorg
 20254 | D:11     | Slain by Snorg

Illustrated notes

Levels and vault maps discovered:
D:1:      matt_arrival_los_fun, layout_basic, st_stairs_2
D:2:      layout_loops_ring, serial_aquarium, aquarium_bridge_square
          [aquarium_subvault_balcony, aquarium_subvault_balcony,
          aquarium_subvault_bridge, aquarium_subvault_wall], aquarium_window_1,
          aquarium_window_2, aquarium_window_1, aquarium_window_corner,
          aquarium_view_2c, aquarium_view_2c, aquarium_balcony_1b,
          aquarium_pool_five, serial_shops, shop, basic_altar,
          kennysheep_generic_room_6
D:3:      layout_loops_ring, uniq_robin
D:4:      layout_loops_ring, amcnicky_altar_gilded, minmay_rat_hole
D:5:      minmay_angry_zag, layout_loops_ring, lemuel_temple_firewalk_b,
          serial_shops, shop, guppyfry_shop_venom
D:6:      layout_loops_ring
D:7:      layout_loops_ring, uniq_joseph, uniq_menkaure
D:8:      layout_layer_cave, serial_shops, shop, shop, kennysheep_mini_moat
D:9:      layout_irregular_city, serial_shops, nicolae_shop_stone,
          nicolae_shop_window_shopping
D:10:     layout_roguey, minivault_28
D:11:     layout_basic, erik_lair_orcish_takeover, hiddenorc2_lemuel, uniq_snorg
Temple:   roderic_octagonal_lattice_temple

Skill      XL: |  1  2  3  4  5  6  7  8  9 10 11 |
---------------+----------------------------------+-----
Fighting       | 1 2 4 6 8 |  8.0
Summonings     | 5 6 7 9 10 | 10.9
Spellcasting   | 3 4 6 |  6.0
Stealth        | 2 3 4 |  4.0
Dodging        | 4 5 6 |  6.0
Ice Magic      | 3 4 |  4.0
Air Magic      | 2 4 |  4.0
Invocations    | 4 5 6 |  6.0
Shields        | 4 |  4.0
Maces & Flails | 3 5 8 |  8.0
Armour         | 4 5 |  5.0

Action                   |  1- 3 |  4- 6 |  7- 9 | 10-12 || total
-------------------------+-------+-------+-------+-------++-------
Melee: Dagger            |   157 |   129 |       |       ||   286
       Mace              |       |   130 |   147 |       ||   277
       Long sword        |       |    23 |   100 |       ||   123
       Flail             |       |       |    29 |   145 ||   174
       Morningstar       |       |       |       |    27 ||    27
Throw: Dart              |     7 |     2 |     6 |       ||    15
 Cast: Summon Small Mamm |    17 |     4 |       |       ||    21
       Call Imp          |    20 |    33 |    38 |       ||    91
       Call Canine Famil |       |    14 |    26 |     3 ||    43
       Summon Ice Beast  |       |       |    13 |    65 ||    78
       Summon Lightning  |       |       |     2 |    28 ||    30
       Summon Guardian G |       |       |     1 |       ||     1
       Swiftness         |       |       |       |     2 ||     2
Invok: Heroism           |       |       |     2 |    10 ||    12
       Finesse           |       |       |       |     1 ||     1
 Abil: Hop               |     3 |     2 |     4 |     7 ||    16
Evoke: Wand              |       |       |       |     7 ||     7
  Use: Scroll            |     1 |     9 |     9 |     6 ||    25
       Potion            |       |       |     5 |     5 ||    10
 Stab: Sleeping          |     1 |     1 |     4 |       ||     6
       Distracted        |       |     4 |     2 |     5 ||    11
Armor: Robe              |    28 |       |       |       ||    28
       Ring mail         |    32 |   175 |   160 |   111 ||   478
       Skin              |       |       |    44 |    23 ||    67
Dodge: Dodged            |   153 |   177 |   190 |   129 ||   649
Block: Buckler           |       |       |       |    54 ||    54
       Rpst.: Long sword |       |     5 |    16 |       ||    21

Table legend: (Time is in decaauts)
 A = Elapsed time spent in this place.
 B = Non-inter-level travel time spent in this place.
 C = Inter-level travel time spent in this place.
 D = Time resting spent in this place.
 E = Time spent auto-exploring this place.
 F = Levels seen in this place.
 G = Mean time per level.
                   A        B        C        D        E       F      G
               +--------+--------+--------+--------+--------+-----+--------+
         Total |  22063 |  20839 |   1224 |   5637 |  12061 |  12 | 1838.6 |
       Dungeon |  21626 |  20472 |   1154 |   5637 |  11696 |  11 | 1966.0 |
        Temple |    437 |    367 |     70 |      0 |    364 |   1 |  437.0 |
               +--------+--------+--------+--------+--------+-----+--------+

Top non-repeatable levels by time:
     D:9: 3482 daAuts
    D:10: 2480 daAuts
     D:8: 2180 daAuts
     D:1: 2069 daAuts
     D:6: 1918 daAuts
     D:5: 1780 daAuts
     D:7: 1779 daAuts
     D:4: 1734 daAuts
     D:2: 1676 daAuts
     D:3: 1643 daAuts
    D:11: 881 daAuts
  Temple: 437 daAuts
